 Dungeon Crawl Stone Soup version 0.16.2-12-gd0ad4c3 (webtiles) character file.

204 dearth the Shield-Bearer (level 5, -4/47 HPs)
             Began as a Minotaur Fighter on Oct 26, 2015.
             Slain by a troll (5 damage)
             ... on level 4 of the Dungeon on Nov 22, 2015.
             The game lasted 00:08:46 (2769 turns).

dearth the Shield-Bearer (Minotaur Fighter)         Turns: 2769, Time: 00:08:46

Health: -4/47      AC:  7    Str: 21    XL:     5   Next: 52%
Magic:  2/2        EV:  7    Int:  5    God:
Gold:   152        SH: 10    Dex: 10    Spells: 0 memorised, 4 levels left

rFire  . . .     SeeInvis .     n - +1 whip (drain)
rCold  . . .     Clarity  .     b - +0 scale mail
rNeg   . . .     SustAb   .     c - +0 shield
rPois  .         Gourm    .     (helmet restricted)
rElec  .         Spirit   .     (no cloak)
rCorr  .         Warding  .     (no gloves)
rMut   .         Stasis   .     (no boots)
MR     .....                    (no amulet)
Stlth  ..........               (no ring)
                                g - ring of teleport control

@: not resistant to hostile enchantments, extremely unstealthy
A: retaliatory headbutt, horns 2
a: Evoke Teleport Control


You were on level 4 of the Dungeon.
You were not hungry.

You visited 2 branches of the dungeon, and saw 5 of its levels.

You collected 152 gold pieces.

Inventory:

Hand weapons
 a - a +0 flail
 n - a +1 whip of draining (weapon)
Armour
 b - a +0 scale mail (worn)
 c - a +0 shield (worn)
Jewellery
 g - a ring of teleport control (left hand)
Magical devices
 z - a wand of enslavement (10)
Scrolls
 f - a scroll of magic mapping {unknown}
 h - 5 scrolls of identify {unknown}
 k - a scroll of random uselessness {unknown}
 l - 3 scrolls of fear {unknown}
 m - 2 scrolls of teleportation {unknown}
 o - a scroll of remove curse {unknown}
 p - a scroll of fog {unknown}
 u - a scroll of immolation {unknown}
 w - a scroll of enchant armour {unknown}
 y - 3 scrolls of recharging {unknown}
Potions
 e - a potion of might
 i - 2 potions of cure mutation {unknown}
 j - a potion of heal wounds {unknown}
 q - 2 potions of brilliance {unknown}
 r - a potion of ambrosia {unknown}
 s - 3 potions of curing {unknown}
 t - a potion of poison {unknown}
 v - 2 potions of agility {unknown}
 x - a potion of invisibility {unknown}
Comestibles
 d - 4 bread rations
 A - a beef jerky


   Skills:
 + Level 4.6 Fighting
 * Level 4.4 Maces & Flails
 + Level 4.7 Armour
 + Level 4.9 Shields


You had 4 spell levels left.
You didn't know any spells.

Dungeon Overview and Level Annotations

Branches:
Dungeon (4/15)             Temple (1/1) D:4

Altars:
Ashenzari
Cheibriados
Elyvilon
Gozag
Kikubaaqudgha
Makhleb
Nemelex Xobeh
Qazlal
Ru
Sif Muna
Trog
Vehumet
Xom
Yredelemnul
Zin
The Shining One


Innate Abilities, Weirdness & Mutations

You reflexively headbutt those who attack you in melee.
You have a pair of horns on your head.


Message History

You hit the troll but do no damage. You drain the troll!
Your headbutt misses the troll.
The troll is heavily wounded.
You block the troll's attack. x2
The troll claws you.
* * * LOW HITPOINT WARNING * * *
Your scale mail prevents you from hitting the troll.
The troll is heavily wounded.
You block the troll's attack. The troll claws you.
* * * LOW HITPOINT WARNING * * *
The troll completely misses you.
You barely miss the troll.
The troll is heavily wounded.
You block the troll's attack. The troll claws you.
* * * LOW HITPOINT WARNING * * *
The troll claws you but does no damage.
You hit the troll. Your headbutt misses the troll.
The troll is heavily wounded.
The troll bites you.
You die...

.....##...##.........#.......##'#
.....................#.......##..
..........##....##...#.......#...
..........##'#####...#...)..##...
..........+.........#.....####..
.........#.........#.....#≈_#..
..####+##....##...#.....##.#.. .
##+#####...##..#..'.#..
+....T@....########.#..
#.....#.....# #.#≈_#(.
##....##....# #.####'# #....
#....# #..##... +>.... #....#
#....... #..... +....# #.......
##### ###### ########


You could see a troll.

Vanquished Creatures
  An orc priest (D:3)
  A giant frog skeleton (D:4)
  2 adders
  A worm (D:3)
  2 giant geckos
  17 orcs
  2 ball pythons
  6 bats
  6 giant cockroaches
  12 hobgoblins
  12 jackals
  8 kobolds
  5 giant newts
  12 goblins
  2 quokkas (D:2)
  8 rats
97 creatures vanquished.

Notes
Turn   | Place    | Note
--------------------------------------------------------------
     0 | D:1      | dearth, the Minotaur Fighter, began the quest for the Orb.
     0 | D:1      | Reached XP level 1. HP: 19/19 MP: 1/1
   189 | D:1      | Reached XP level 2. HP: 17/27 MP: 1/1
   379 | D:1      | Reached skill level 4 in Armour
   921 | D:2      | Reached XP level 3. HP: 28/33 MP: 2/2
  1446 | D:3      | Reached XP level 4. HP: 32/40 MP: 2/2
  1869 | D:3      | Reached XP level 5. HP: 38/47 MP: 2/2
  2192 | D:4      | Found a staircase to the Ecumenical Temple.
  2222 | Temple   | Entered the Ecumenical Temple
  2515 | D:4      | Found a burning altar of Makhleb.
  2520 | D:4      | Noticed a cacodemon
  2521 | D:4      | Found a glowing silver altar of Zin.
  2522 | D:4      | Noticed an angel
  2649 | D:4      | Found a glowing golden altar of the Shining One.
  2649 | D:4      | Found a radiant altar of Vehumet.
  2755 | D:4      | Noticed a troll
  2767 | D:4      | HP: 2/47 [troll (5)]
  2769 | D:4      | Slain by a troll

Action                   |  1- 3 |  4- 6 || total
-------------------------+-------+-------++-------
Melee: Flail             |    85 |       ||    85
       Whip              |    35 |   124 ||   159
  Eat: Chunk             |     2 |     1 ||     3
       Meat ration       |       |     1 ||     1
       Beef jerky        |       |     1 ||     1
